[Event "1000IM Saint Louis 2022"]
[Site "Saint Louis"]
[Date "2022.07.22"]
[Round "8.4"]
[White "Proleiko, Julian"]
[Black "Altman, Joshua"]
[Result "1-0"]
[ECO "A17"]
[WhiteElo "2238"]
[BlackElo "2162"]
[Annotator "TA"]
[PlyCount "113"]
[EventDate "2022.07.20"]
[EventType "tourn"]
[EventCountry "USA"]
[SourceTitle "playchess.com"]
[Source "ChessBase"]
[SourceQuality "1"]
[TimeControl "5400+30"]

1. Nf3 Nf6 2. c4 e6 3. Nc3 Bb4 4. Qc2 O-O 5. e4 d6 6. d4 {[%emt 0:01:43] A17: English Opening: 1...Nf6 with ...Bb4.} e5 7. d5 Bxc3+ 8. bxc3 {[%emt 0:00:04] The position is equal.} Nbd7 9. Bg5 Nc5 {[%emt 0:02:49] [#]} (9... h6 $5 10. Bh4 g5 $15) 10. Nd2 $146 ({Predecessor:} 10. Bd3 h6 11. Bxf6 Qxf6 12. O-O b6 13. Nd2 Qg5 14. f4 exf4 15. Nf3 Qg4 16. Nd4 {0-1 (63) Jacobsen,H (1918)-Nielsen,A (2178) Helsingor 2018}) 10... Bd7 11. Bd3 ({Better is} 11. f3 $11) 11... a6 12. Nb3 b6 13. Nxc5 bxc5 14. Qe2 h6 15. Bh4 Rb8 (15... g5 $5 16. Bg3 Ne8 $11) 16. O-O g5 17. Bg3 Nxe4 18. Bxe4 f5 19. Bc2 {[%emt 0:03:36] [#] Black must now prevent f3.} f4 $1 20. h3 {[%emt 0:06:04] Strongly threatening Bh2.} fxg3 21. fxg3 Qe7 22. g4 Rxf1+ 23. Rxf1 Rf8 24. Rb1 Qf7 (24... h5 $11) 25. Qe4 (25. Rb7 $14) 25... Bc8 26. Bd3 Qg7 27. Qe3 Qf6 (27... Bd7 $11) 28. Qe4 (28. Rb8 $14) 28... Qf7 29. Kh1 {[%emt 0:03:16] Active counter play!} Qg7 30. Rb8 Qf7 (30... Bd7 $5 31. Rb7 Rf4 $14) 31. Ra8 Qg7 (31... h5 $1 $11) 32. a4 $14 Qf7 33. a5 h5 34. Qe3 hxg4 35. Qxg5+ Qg7 36. Qxg7+ Kxg7 37. hxg4 Bb7 $2 (37... Bxg4 $11 38. Rxf8 Kxf8) 38. Rxf8 $18 Kxf8 {[%emt 0:00:05][%mdl 4096] Endgame KB-KB} 39. Bf5 Kg7 40. Bd7 Kf6 41. Kg1 Kg5 42. Kf2 Kf4 43. g3+ Kg5 44. Kf3 Kg6 45. Kg2 (45. Ke2 $142 Kg5 46. Kf3) 45... Kf6 46. Kh3 Kg5 47. Kg2 Kf6 $1 48. g5+ Kg6 49. g4 Kxg5 50. Kg3 Kf6 51. Kh4 Kg6 52. Bf5+ Kf6 {[%emt 0:00:41] [#]} 53. Kh5 $2 (53. Be6 $1 $18 {and the rest is easy.}) 53... Kg7 $2 {[%emt 0:01:49][%mdl 8192] This costs Black the game.} (53... c6 $16) 54. Kg5 {[%emt 0:01:31] Hoping for Bd7. White is clearly winning.} c6 55. dxc6 Bxc6 56. Bc8 e4 57. Kf4 {[%emt 0:00:06] Weighted Error Value: White=0.40/Black=0.22 (precise)} 1-0

[Event "1000IM Saint Louis 2022"]
[Site "Saint Louis"]
[Date "2022.07.22"]
[Round "8.5"]
[White "Williams, Justus"]
[Black "Stefanov, Emil"]
[Result "1-0"]
[ECO "C55"]
[WhiteElo "2390"]
[BlackElo "2342"]
[Annotator "TA"]
[PlyCount "101"]
[EventDate "2022.07.20"]
[EventType "tourn"]
[EventCountry "USA"]
[SourceTitle "playchess.com"]
[Source "ChessBase"]
[SourceQuality "1"]
[TimeControl "5400+30"]

1. e4 e5 2. Nf3 Nc6 3. Bc4 Nf6 4. d3 h6 5. O-O d6 6. a4 g5 {[%emt 0:01:46] C55: Two Knights: 4 d3, 4 d4 exd4 5 e5 and Max Lange Attack.} 7. Re1 g4 8. Nfd2 h5 {[%emt 0:00:26] The position is equal.} 9. Nf1 {[%emt 0:01:52] [#]} Bh6 $146 ({Predecessor:} 9... Be6 10. a5 a6 11. Nc3 Bh6 12. Bxh6 Rxh6 13. Nd5 Kd7 14. c3 Nh7 15. b4 Ne7 {½-½ (52) Vokhidov,S (2494)-Grigoryan,K (2571) Tashkent 2019}) 10. c3 Kf8 (10... Bxc1 $11 11. Qxc1 Be6) 11. Be3 Ne7 12. Nbd2 h4 13. d4 Ng6 14. Qb3 Qe7 15. Bxh6+ Rxh6 16. Ne3 {[%emt 0:00:10] Threatens to win with Nf5.} Rh5 {[%emt 0:01:02] Against Nf5} 17. Nf5 Qe8 18. Rad1 Rb8 19. Qb4 Bxf5 20. exf5 Rxf5 21. Bd3 $1 Rg5 (21... Rh5 $11) 22. Bxg6 $16 {[%emt 0:00:46] White is more active.} fxg6 {[%emt 0:00:42] [#]} 23. f4 $1 $36 {[%emt 0:01:02][%mdl 2048] White has strong initiative.} gxf3 24. Nxf3 Rg4 25. Nxe5 c5 $1 {[%emt 0:03:51] [#]} 26. Nxg4 cxb4 27. Rxe8+ Nxe8 28. cxb4 $14 {[%emt 0:02:23][%mdl 4096] Endgame KRN-KRN} Rc8 {[%emt 0:00:05] Against Rc1} 29. Ne3 {[%emt 0:00:51] Inhibits Rc4.} Nf6 30. Kf2 Kg7 (30... Ke7 $14) 31. Ke2 $16 Kh6 32. Rf1 Kg5 33. Kd3 d5 34. b5 b6 35. b3 Re8 36. Rc1 Kf4 $2 (36... Re7 37. b4 Rf7) 37. g3+ $1 $18 hxg3 (37... Kg5 $142 38. gxh4+ Kxh4) 38. Rf1+ Kg5 {[%emt 0:00:05] This move loses the game for Black.} 39. h4+ Kxh4 40. Rxf6 {[%emt 0:00:03] KRN-KR} Kg5 41. Rf1 Rh8 42. Nxd5 Rh2 43. Ne3 Rb2 44. d5 {[%emt 0:01:43][%cal Bd4d5,Bd5d6][%mdl 32] Hoping for d6.} Rxb3+ 45. Kd4 {[%emt 0:00:27] d6 is the strong threat.} Rb4+ 46. Nc4 {[%emt 0:00:14] d6 would kill now.} Rxa4 47. d6 {[%emt 0:00:09] White mates.} g2 48. Rg1 Kf6 49. Rxg2 a6 50. Kd5 axb5 51. Rf2+ {[%emt 0:00:02] Weighted Error Value: White=0.05 (flawless) /Black=0.43} (51. d7 $142 Ra8 52. Rf2+ Kg7 53. Ne5 b4 54. Nc6 g5 55. Rb2 Rh8 56. Rxb4) 1-0

[Event "1000IM Saint Louis 2022"]
[Site "Saint Louis"]
[Date "2022.07.23"]
[Round "9.1"]
[White "Stefanov, Emil"]
[Black "Cervantes Landeiro, Thalia"]
[Result "1/2-1/2"]
[ECO "D28"]
[WhiteElo "2342"]
[BlackElo "2234"]
[Annotator "TA"]
[PlyCount "138"]
[EventDate "2022.07.20"]
[EventType "tourn"]
[EventCountry "USA"]
[SourceTitle "playchess.com"]
[Source "ChessBase"]
[SourceQuality "1"]
[TimeControl "5400+30"]

1. d4 d5 2. c4 dxc4 3. e3 Nf6 4. Bxc4 e6 5. Nf3 c5 6. O-O Nc6 7. Nc3 a6 8. Bb3 b5 9. Qe2 cxd4 {[%emt 0:08:21] D28: Queen's Gambit Accepted: Classical main line: 7 Qe2 with early ...Nc6.} 10. Rd1 Na5 $1 11. Nxd4 (11. Rxd4 Qc7 $11) 11... Qb6 {[%emt 0:05:33] White is slightly better.} 12. e4 $1 Bc5 13. Be3 {[%emt 0:37:24] [#] aiming for e5. White is more active.} (13. e5 $5 Bxd4 14. exf6 $16) 13... e5 $146 ({Predecessor:} 13... Bb7 14. e5 Nxb3 15. axb3 Nd5 16. Nxd5 Bxd5 17. Qg4 Kf8 18. Rac1 Bxd4 19. Bxd4 Qb7 {½-½ (33) Biriukov,O (2391)-Zickus,S (2269) Pardubice 2008}) 14. Nc2 {[%emt 0:06:14] Strongly threatening Nd5.} Nxb3 15. axb3 Bg4 16. f3 Be6 17. b4 Bxe3+ 18. Qxe3 Qxe3+ 19. Nxe3 Ke7 20. Ra3 Rhd8 21. Rxd8 Rxd8 22. Rxa6 Rd4 23. Ra7+ Kf8 24. Rb7 Rxb4 25. Rxb5 Rxb5 26. Nxb5 $16 {[%emt 0:00:06][%mdl 4096] Endgame KBN-KNN} Ke7 27. Kf2 Kd7 28. b4 Kc6 29. Nc3 Ne8 30. Ke2 Nd6 31. Kd3 f6 32. g4 Bc8 33. h4 Be6 34. h5 Bf7 35. Ned5 Ne8 36. Kc4 $2 (36. b5+ Kc5 $16) ({Better is} 36. Kc2 $16) 36... Nd6+ $11 37. Kd3 (37. Kb3 $11) 37... Ne8 $1 $16 38. Ne7+ Kd7 39. Ncd5 {[%emt 0:00:15] Kc4 is the strong threat.} Nd6 40. Kd2 (40. Ke3 $142) 40... Nc4+ (40... Nb5 $16) 41. Kc3 $18 Nd6 42. Kd3 g6 {[%emt 0:01:42] [#]} (42... h6 $16 {keeps fighting.} 43. Ng6 Kc6) 43. h6 $2 (43. Ng8 $1 $18 {[%cal Rg8f6][%mdl 512] is the precise move to win.}) 43... Be6 $2 (43... f5 $16) 44. Kc3 (44. Nxf6+ Kxe7 45. g5 (45. Nxh7 Bg8 $11) 45... Bc4+ 46. Ke3 Nf7 47. Nxh7 Bf1 $14) (44. b5 $18 {and White stays clearly on top.}) 44... Bf7 $16 {[%emt 0:02:18] [#]} 45. Kd3 ({Much worse is} 45. Nxf6+ $6 Kxe7 46. Nxh7 Be8 $14) (45. Nc8 $1 $16 {Threatens to win with Nxd6.} Nb5+ (45... Ne8 46. Ncb6+) 46. Kd2 (46. Kc4 Nc7 $11)) 45... Be6 $18 46. Kc2 $2 ({And not} 46. Nxf6+ Kxe7 47. g5 (47. Nxh7 Bg8 $11) 47... Bc4+ 48. Ke3 Nf7 49. Nxh7 Bf1 $14) (46. b5 $18) 46... Bf7 (46... f5 $1 $14) 47. Kb2 (47. Kd2 $16) 47... f5 $1 $11 {[%emt 0:00:40] The position is equal.} 48. exf5 gxf5 49. g5 Ke6 50. Kc3 Bh5 51. f4 Ne4+ 52. Kd3 exf4 53. g6 Bxg6 54. Nxg6 Kxd5 55. Nxf4+ {[%emt 0:00:03] KN-KN} Ke5 56. Ke3 Kf6 57. Kd4 Kg5 58. Ke5 Nc3 59. Ne6+ Kxh6 60. Kxf5 Kh5 61. Ng5 h6 62. Nf7 Nb5 63. Kf6 Kg4 64. Nxh6+ Kf4 65. Ke6 Ke4 66. Nf5 Kd3 67. Kd5 Nc7+ 68. Kc6 Kc4 69. Kxc7 Kxb4 {[%emt 0:00:02] Weighted Error Value: White=0.24 (precise) /Black=0.14 (very precise)} 1/2-1/2

[Event "1000IM Saint Louis 2022"]
[Site "Saint Louis"]
[Date "2022.07.23"]
[Round "9.2"]
[White "Altman, Joshua"]
[Black "Williams, Justus"]
[Result "0-1"]
[ECO "E61"]
[WhiteElo "2162"]
[BlackElo "2390"]
[Annotator "TA"]
[PlyCount "158"]
[EventDate "2022.07.20"]
[EventType "tourn"]
[EventCountry "USA"]
[SourceTitle "playchess.com"]
[Source "ChessBase"]
[SourceQuality "1"]
[TimeControl "5400+30"]

1. d4 Nf6 2. c4 g6 3. Nc3 Bg7 4. Nf3 O-O 5. Bg5 d6 6. e3 Bf5 7. Bd3 {[%emt 0:00:57] 7.Bd3 is better than 7.Be2.} Qc8 {[%emt 0:01:07] [#] E61: King's Indian: Early deviations for White, including Smyslov System.} 8. Bxf6 $146 ({Predecessor:} 8. Rc1 Nc6 9. a3 Rd8 10. O-O e5 11. d5 Bxd3 12. Qxd3 Ne7 13. e4 Kh8 14. Nd2 Neg8 15. f3 {1-0 (47) Briem,S (1569)-Karhula,A (1143) Oslo 2016}) 8... exf6 9. Nd5 Nc6 {[%emt 0:01:10] Prevents Ne7+. The position is equal.} 10. Bxf5 Qxf5 11. b4 Qd7 $1 12. O-O Rfe8 13. Qb3 Nd8 14. a4 Ne6 15. Rac1 f5 16. Rfd1 Qc8 17. c5 Qd7 18. Nc3 dxc5 {[%emt 0:02:38] [#]} 19. d5 {[%emt 0:06:08][%mdl 64] Deflection} (19. dxc5 $6 Qc8 $11) (19. bxc5 c6 $14) 19... Nd8 (19... Bxc3 $2 20. dxe6 (20. Rxc3 Ng7 $16) (20. Qxc3 cxb4 21. Qxb4 Nd8 $11) 20... Qxe6 21. Qxc3 $18) (19... Nf8 $142) 20. bxc5 $16 c6 21. Nd4 (21. dxc6 $18 Qxc6 22. Nd4 Bxd4 23. exd4) 21... Rc8 22. a5 $36 {[%emt 0:07:56][%mdl 2048] Black is under strong pressure.} f4 23. exf4 Qg4 (23... cxd5 $16 {keeps fighting.} 24. Nxd5 (24. Qxd5 Qxd5 25. Nxd5 Bxd4 $11) 24... Ne6 25. Nxe6 Qxe6) 24. g3 $18 cxd5 (24... g5 $142 25. d6 gxf4) 25. Nxd5 {[%emt 0:00:31] Pair of Knights!} Nc6 26. Nxc6 bxc6 27. Ne3 Qh3 (27... Rb8 $142) 28. Qb7 Bf8 29. Qxa7 Ra8 30. Qb6 Rab8 31. Qxc6 ({White should try} 31. Qc7 $18) 31... Rxe3 $1 $14 32. fxe3 Rb2 33. Qh1 Qh5 34. Re1 {[%emt 0:06:00] Inhibits Qe2. Strongly threatening c6.} ({Of course not} 34. Rb1 Qe2 35. Rxb2 Qxd1+ 36. Kg2 Qd5+ 37. Kg1 Qd1+ 38. Kg2 Qd5+ 39. Kg1 Qd1+ $11) 34... Bxc5 35. Rxc5 Qxc5 {[%emt 0:00:05][%mdl 4096] Endgame KQR-KQR} 36. Qa8+ Kg7 37. Qe4 {[%emt 0:00:07] aiming for Qd4+.} Rb4 {[%emt 0:06:18] Inhibits Qd4+.} (37... Qxa5 $11 {is more appropriate.} 38. Rd1 Qa2) 38. Qe5+ (38. Qd3 $14) 38... Qxe5 $11 39. fxe5 {[%emt 0:00:05] Hoping for Ra1. KR-KR} Ra4 {[%emt 0:00:09] Inhibits Ra1.} 40. Kf2 Rxa5 41. e6 fxe6 42. Kf3 Kf6 43. Rb1 Rf5+ 44. Kg2 g5 45. g4 Re5 46. Kf3 Kg6 47. Rb7 h5 48. gxh5+ Kxh5 49. Rh7+ Kg6 50. Rh8 Rf5+ 51. Kg3 Kg7 52. Ra8 Rf1 53. Ra5 Kf6 54. Rb5 $1 Re1 55. Kf2 Rd1 56. Rb2 Kf5 57. Rb5+ Kg4 58. Rb2 Kh3 59. Rb5 Rd5 60. Rb8 Rd2+ 61. Kf3 g4+ 62. Kf4 {[%emt 0:00:09] Rh8+ is the strong threat.} Rf2+ 63. Ke5 Kxh2 64. Rh8+ Kg2 65. Kxe6 Kf3 {[%emt 0:01:10] ( -> ...g3)} (65... Re2 $5 66. Kf5 Kg3 $11) 66. Kf5 g3 (66... Rf1 $5 67. e4 Kg3+ 68. Ke5 Rd1 $11) 67. e4 Rh2 68. Rg8 Rh5+ 69. Kf6 Rh4 70. e5 Rf4+ 71. Ke7 Rg4 72. Rf8+ $2 {[%emt 0:00:13][%mdl 8192] [#]} (72. Rc8 $11) 72... Ke4 {[%emt 0:00:22] Black mates.} 73. Ra8 g2 74. Ra4+ Kf5 75. Ra1 Kxe5 76. Rg1 Kf4 77. Kf6 Kf3 78. Kf5 Rg8 79. Ke5 Rg4 $2 {[%emt 0:00:52][%mdl 32768] Quite a comeback for Black.  Weighted Error Value: White=0.10 (very precise) /Black=0.09 (flawless) . Loss on time!?} (79... Kf2 {mates} 80. Rc1 g1=Q 81. Rxg1 Rxg1 82. Kd4 Kf3 83. Kc5 Rg5+ 84. Kc6 Ke4 85. Kd6 Re5 86. Kc6 Rd5 87. Kc7 Kd4 88. Kc6 Kc4 89. Kb6 Rc5 90. Ka6 Rb5 91. Ka7 Kc5 92. Ka6 Kc6 93. Ka7 Ra5+ 94. Kb8 Ra2 95. Kc8 Ra8#) 0-1

[Event "1000IM Saint Louis 2022"]
[Site "Saint Louis"]
[Date "2022.07.23"]
[Round "9.3"]
[White "Nyzhnyk, Illya"]
[Black "Proleiko, Julian"]
[Result "1-0"]
[ECO "A13"]
[WhiteElo "2686"]
[BlackElo "2238"]
[Annotator "TA"]
[PlyCount "63"]
[EventDate "2022.07.20"]
[EventType "tourn"]
[EventCountry "USA"]
[SourceTitle "playchess.com"]
[Source "ChessBase"]
[SourceQuality "1"]
[TimeControl "5400+30"]

1. Nf3 Nf6 2. c4 e6 3. g3 a6 4. Bg2 b5 5. O-O Bb7 6. d3 {[%emt 0:00:08] A13: English Opening: 1...e6.} Be7 7. Qb3 $5 {[%emt 0:01:55][%mdl 4] [#] Exploring less charted territory.} b4 $146 ({Predecessor:} 7... O-O 8. Nc3 c6 9. e4 d5 10. e5 Nfd7 11. cxd5 cxd5 12. d4 Nc6 13. h4 Qb6 {1-0 (26) Demidov,M (2551)-Hjartarson,J (2499) Chess.com INT 2021}) 8. e4 {[%emt 0:00:23] White has an edge.} O-O 9. e5 Ne8 10. d4 a5 11. Qd3 d6 {[%emt 0:16:11] [#]} (11... d5 $11) 12. exd6 {[%emt 0:00:47] White is more active.} ({Better is} 12. Ng5 $1 $14 Bxg5 13. Bxg5 (13. Bxb7 Bxc1 14. Rxc1 Ra7 $14) 13... Qxg5 14. f4 (14. Bxb7 Ra7 $16)) 12... cxd6 {[%emt 0:00:32] [#]} 13. Ng5 $1 Bxg5 14. Bxb7 Bxc1 15. Rxc1 ({Of course not} 15. Bxa8 Bxb2 16. Nd2 Bxa1 17. Rxa1 Nf6 $17) 15... Ra7 16. Bg2 Nf6 17. a3 {[%emt 0:01:55] Threatens to win with axb4.} Na6 18. Nd2 Qb8 19. Nb3 a4 20. Na5 {[%emt 0:00:38] Nc6 is the strong threat.} Qb6 21. Nc6 $36 {[%emt 0:00:05][%mdl 2048] White fights for an advantage.} Rc7 22. c5 dxc5 23. dxc5 Nxc5 24. Qe3 {[%emt 0:11:46] [#]} (24. Qd6 $11 Rxc6 25. Qxc6 Qxc6 26. Bxc6) 24... bxa3 $1 $15 25. bxa3 {[%emt 0:22:12] aiming for Rab1.} (25. Qxc5 Qxc5) 25... Ncd7 $2 {[%emt 0:02:12][%mdl 8192] [#] This move loses the game for Black.} (25... Nfd7 $11 26. Rab1 Nb3 27. Ne7+ Kh8 28. Qxb6 Rxc1+ 29. Rxc1 Nxb6) 26. Qf4 $1 $18 e5 {[%emt 0:01:29] [#]} (26... Rxc6 {was worth a try.} 27. Rxc6 (27. Bxc6 Nc5 $16) 27... Qb2) 27. Qc4 $1 {[%emt 0:00:20] And now Ne7+ would win.} Rfc8 28. Ne7+ {[%emt 0:00:59] White is winning.} Kf8 29. Nxc8 Rxc4 30. Nxb6 Nxb6 31. Rxc4 Nxc4 32. Bc6 {[%emt 0:00:06] Weighted Error Value: White=0.11 (very precise) /Black=0.38} 1-0

[Event "1000IM Saint Louis 2022"]
[Site "Saint Louis"]
[Date "2022.07.23"]
[Round "9.4"]
[White "Kozelov, Roman"]
[Black "Sethuraman, Sandeep"]
[Result "1/2-1/2"]
[ECO "D04"]
[WhiteElo "2104"]
[BlackElo "2305"]
[Annotator "TA"]
[PlyCount "78"]
[EventDate "2022.07.20"]
[EventType "tourn"]
[EventCountry "USA"]
[SourceTitle "playchess.com"]
[Source "ChessBase"]
[SourceQuality "1"]
[TimeControl "5400+30"]

1. d4 Nf6 2. Nf3 d5 3. e3 Bf5 4. Bd3 Bxd3 5. Qxd3 Nbd7 6. b3 {[%emt 0:00:25] D04: Colle System.} e6 7. Nbd2 c6 8. Bb2 {[%emt 0:00:17] White has an edge.} Be7 {[%emt 0:03:21] [#]} 9. g4 $146 ({Predecessor:} 9. Ne5 Nxe5 10. dxe5 Nd7 11. O-O O-O 12. f4 Nc5 13. Qe2 f5 14. g4 Ne4 15. Nxe4 dxe4 16. Rad1 Qc7 17. Qc4 fxg4 18. Qxe6+ Kh8 19. Rd7 {1-0 (19) Cherny,A (2188)-Dehn,M (2098) Playchess.com INT 2020}) 9... Nxg4 10. Rg1 $1 f5 11. h3 Ngf6 12. Rxg7 Bf8 13. Rg2 Ne4 14. O-O-O Qa5 15. Qe2 {[%emt 0:20:34] Hoping for Nxe4.} Nxd2 16. Nxd2 {[%emt 0:01:12] [#] And now Qh5+ would win.} O-O-O 17. Kb1 Nf6 18. f3 Bb4 19. Nf1 Rhg8 20. Ng3 Bd6 21. Rdg1 Qc7 22. Nh1 Qf7 23. c4 (23. Bc1 $11 {keeps the balance.}) 23... Rxg2 24. Qxg2 (24. Rxg2 $142 Rg8 25. Bc3) 24... Qh5 (24... f4 $17 {aiming for ...Rg8.} 25. c5 Rg8) 25. Qf1 (25. c5 $1 $11 Bc7 26. f4) 25... Rg8 (25... f4 $17 26. c5 Bc7 27. exf4 Bxf4) 26. Rxg8+ $15 Nxg8 27. Qg2 Nf6 28. Nf2 $1 Qg6 29. Qxg6 hxg6 $11 {[%emt 0:00:01][%mdl 4096] Endgame KBN-KBN} 30. Kc2 Kd7 31. Kd3 Bg3 32. Nd1 Nh7 33. Ke2 Ng5 34. Kf1 Bh4 (34... Nxf3 $2 35. Kg2 $16) 35. Kg2 Nf7 36. cxd5 exd5 37. Bc3 Be7 (37... f4 $15) 38. Nf2 Bd6 39. Nd3 b6 {[%emt 0:00:43] Weighted Error Value: White=0.18 (very precise) /Black=0.18 (very precise)} 1/2-1/2

[Event "1000IM Saint Louis 2022"]
[Site "Saint Louis"]
[Date "2022.07.23"]
[Round "9.5"]
[White "Wang, Tianqi"]
[Black "Tokhirjonova, Gulrukhbegim"]
[Result "1/2-1/2"]
[ECO "C68"]
[WhiteElo "2402"]
[BlackElo "2329"]
[Annotator "TA"]
[PlyCount "117"]
[EventDate "2022.07.20"]
[EventType "tourn"]
[EventCountry "USA"]
[SourceTitle "playchess.com"]
[Source "ChessBase"]
[SourceQuality "1"]
[TimeControl "5400+30"]

1. e4 e5 2. Nf3 Nc6 3. Bb5 a6 4. Bxc6 dxc6 5. O-O Qf6 6. d4 {[%emt 0:00:15] C68: Ruy Lopez: Exchange Variation, sidelines.} exd4 7. Bg5 Qd6 8. Nxd4 {[%emt 0:00:10] White is slightly better.} c5 9. Nb3 (9. Nf5 Bxf5 10. exf5 Qxd1 11. Rxd1 Bd6 $11) 9... Qxd1 10. Rxd1 Bd7 11. Nc3 f6 (11... Be6 $14) 12. Bf4 O-O-O $1 13. Nd5 $1 Bd6 {[%emt 0:00:28] [#]} 14. Bxd6 $146 ({Predecessor:} 14. Nb6+ cxb6 15. Rxd6 Bc6 16. Rxd8+ Kxd8 17. Rd1+ Kc8 18. e5 fxe5 19. Bxe5 Nf6 20. c4 {0-1 (40) Valencak,S (2065)-Klauser,M (2388) Zuerich 2006}) 14... cxd6 15. Rd2 Bc6 16. Rad1 {[%emt 0:01:35] 0x0.001ebf5c08ccdp-1022s more active pieces.} Nh6 17. Na5 {[%emt 0:07:12] Pair of Knights!} Rhe8 18. Nxc6 bxc6 19. Nc3 Kc7 20. f3 f5 21. Kf2 (21. h3 $14) 21... Rf8 (21... fxe4 $11 22. Nxe4 Ng4+ 23. Kg1 Ne3) 22. exf5 Nxf5 23. Ne4 h6 24. b3 a5 25. Rd3 h5 26. R1d2 Rfe8 27. c3 a4 28. g3 ({Don't go for} 28. bxa4 $2 c4 29. Rd4 Nxd4 30. cxd4 Ra8 $19) 28... axb3 29. axb3 Rf8 30. Kg2 Rfe8 31. h3 c4 (31... Re7 $11 {keeps the balance.}) 32. bxc4 $16 d5 33. cxd5 cxd5 34. Ng5 Kc6 35. Kf2 $1 {[%emt 0:00:16] Against Ne3} h4 (35... Rd6 $142 36. g4 hxg4) 36. g4 $1 $18 Ng3 37. f4 $1 Ne4+ 38. Nxe4 Rxe4 39. Rd4 Rxd4 40. cxd4 {[%emt 0:03:56][%mdl 4096] Endgame KR-KR} ({Weaker is} 40. Rxd4 Rb8 $16) 40... Ra8 41. Ke3 (41. Re2 $18 {and White stays clearly on top.}) 41... Ra1 $16 42. Rd3 (42. f5 $16) 42... Rh1 (42... Kb5 $11 {deserves consideration.}) 43. Kf2 $1 $14 {[%emt 0:00:23] Threatens to win with f5.} Kd6 44. f5 {[%emt 0:00:08] Strongly threatening Re3.} Rh2+ $2 (44... Ke7 $1 $14) 45. Kg1 $1 $18 Re2 46. Kf1 $1 Rh2 47. Re3 {[%emt 0:01:34] Hoping for g5.} Kd7 {[%emt 0:01:28] [#]} 48. g5 (48. Ke1 $1 $18 {has better winning chances.}) 48... Rd2 $16 {[%emt 0:01:10] [#]} 49. f6 ({Better is} 49. Re5 $1 $16 ) 49... gxf6 $11 {[%emt 0:00:45] The position is equal.} 50. g6 {[%emt 0:01:59] White wants to mate with g7.} Ra2 51. Rf3 Ke6 52. Rf4 f5 53. g7 Kf7 54. Rxf5+ Kxg7 55. Rxd5 Rh2 56. Rg5+ Kf6 57. Rg4 Rxh3 58. Kg2 Rg3+ 59. Rxg3 {[%emt 0:00:08] Weighted Error Value: White=0.10 (very precise) /Black=0.18 (very precise)} 1/2-1/2